 Dungeon Sprint DCSS version 0.30.0-5-g1a98f26d00 (webtiles) character file.

Game seed: 14347911598155314143

5694 Groucho the Imperceptible (level 10, -1/56 HPs)
             Began as a Felid Berserker on May 8, 2023.
             Was a High Priest of Trog.
             Slain by a fire giant
             ... wielding a +2 great sword of flaming
              (9 damage)
             ... in the Dungeon (Sprint I: "Red Sonja").
             The game lasted 00:09:38 (3028 turns).

Groucho the Imperceptible (Felid Berserker)         Turns: 3028, Time: 00:09:40

Health: -1/56      AC:  2    Str: 13    XL:     10   Next: 47%
Magic:  0/18       EV: 33    Int:  9    God:    Trog [*****.]
Gold:   2069       SH:  0    Dex: 20    Spells: 9/9 levels left
                                        Lives:  0   Deaths: 2

rFire   . .          .
                       - Unarmed
rCold   . . .        (shield unavailable)
rNeg    . . .        (body armour unavailable)
rPois   .            (helmet unavailable)
rElec   .            (cloak unavailable)
rCorr   .            (gloves unavailable)
SInv    +            (boots unavailable)
Will    +....        l - amulet of guardian spirit
Stlth   +++++++++    (no ring)
HPRegen 0.29/turn    (no ring)
MPRegen 0.16/turn

%: no teleportation, guardian spirit
@: quick
A: very small, claws 1, fangs 3, see invisible, speed 1, shaggy fur 2, stealthy
paws, no weapons or thrown items, no armour, multi-lived
a: Renounce Religion, Berserk, Trog's Hand, Brothers in Arms


You were in the Dungeon.
You worshipped Trog.
Trog was extremely pleased with you.
You visited 1 branch You collected 3109 gold pieces.
You spent 1040 gold pieces at shops.

Inventory:

Hand Weapons
 b - a +1 great sword of flaming
Jewellery
 k - the ring "Huivie" {rN++ AC+4 Str-5}
   (You bought it in a shop in the Dungeon)

   [ring of protection]

   AC:        It affects your AC (+4).
   Str:       It affects your strength (-5).
   rN:        It greatly protects you from negative energy.
 l - an amulet of guardian spirit (around neck)
 m - a ring of fire
Wands
 o - a wand of flame (20)
 r - a wand of iceblast (12)
Scrolls
 f - a scroll of vulnerability {unknown}
 g - 2 scrolls of amnesia {unknown}
 h - 3 scrolls of poison {unknown}
 i - a scroll of fear {unknown}
 j - a scroll of brand weapon {unknown}
 n - 4 scrolls of blinking
 s - a scroll of identify {unknown}
Potions
 a - 4 potions of curing
 c - a potion of haste
 d - 2 potions of magic
 e - a potion of berserk rage
 p - 2 potions of invisibility {unknown}
 q - a potion of flight {unknown}


   Skills:
 + Level 14.1 Fighting
 + Level 18.0 Dodging
 + Level 24.5 Stealth
 + Level 14.2 Unarmed Combat
 + Level 9.8 Invocations


You had 9 spell levels left.
You didn't know any spells.
Your spell library was empty.

Dungeon Overview and Level Annotations

Branches:
Dungeon (1/1)

Altars:
Cheibriados
Dithmenos
Elyvilon
Fedhas
Gozag
Hepliaklqana
Kikubaaqudgha
Makhleb
Nemelex Xobeh
Okawaru
Qazlal
Ru
Sif Muna
Trog
Uskayaw
Vehumet
Wu Jian
Xom
Yredelemnul
Zin
The Shining One
Jiyva
Lugonu

Shops:
D [**!=:(=[*[(!*:[[?


Innate Abilities, Weirdness & Mutations

You have sharp claws.
You have razor-sharp teeth.
You have supernaturally acute eyesight. (SInv)
You cover ground quickly. (Speed+)
You are covered in thick fur. (AC +2)
Your paws help you pounce on unaware monsters.
You are incapable of wielding weapons or throwing items.
You cannot wear armour.
You gain extra lives every three experience levels.


Message History

A fire giant is nearby!
b - a +1 great sword of flaming You start resting.
HP restored.
You start waiting.
A fire giant is nearby!
What are your orders? t - Meow!
Orders for allies: a - Attack new target. r - Retreat! s - Stop attacking. g - Guard the area. f - Follow me.
Anything else - Cancel.
You meow for attention!
You hear a shout!
The fire giant shouts!
Unknown command.
Unknown command.
Unknown command.
You start waiting.
A fire giant is nearby!
A fire giant is nearby!
A fire giant is nearby!
Your deep troll goes berserk!
Unknown command.
Unknown command.
The fire giant points at you and mumbles some strange words.
The fireball explodes!
The fireball engulfs you!!
Unknown command.
Unknown command.
Your deep troll barely misses the fire giant.
Your deep troll claws the fire giant! x2
Unknown command.
Unknown command.
Unknown command.
Your deep troll completely misses the fire giant.
Your deep troll claws the fire giant but does no damage.
Your deep troll barely misses the fire giant.
The fire giant hits you with a +2 great sword of flaming!!!
Ouch! That really hurt!
* * * LOW HITPOINT WARNING * * *
The fire giant burns you!
You die...

################################
.'...#:.#§§§.§§§§§§.'..#§.'..§.#
.#.).##'#§####§§@§.##..+§.#.§..##
##)..'..#§# ###§CT#######+#§§§§.#
§#####..§§#+#$###§# [)## #§§§§§#
§#§.##+####†.$#y#.##$$$# ##.§§§#
§§§§# #..$###.§###$# ###+## )#§§#
+..$$$##§#A#$# #.## ###§###
#.....#..###$# ##'#. ###.'.#
###++##.##..$# ##.§.§ #.###.#
#..###..#'### #§§.§[


You could see a fire giant (ally target) and a friendly deep troll (summoned,
berserk).

Vanquished Creatures
  A fire giant (D)
  A lorocyproca (D)
  A hydra (D)
  2 centaur warriors (D)
  Sonja (D)
  A deep troll (D)
  A lindwurm (D)
  An oklob plant (D)
  7 unseen horrors (D)
  A kobold demonologist (D)
  A hornet (D)
  Sigmund (D)
  A slime creature (D)
  A yak (D)
  13 hogs (D)
  2 redbacks (D)
  3 floating eyes (D)
  An ogre (D)
  7 necrophages (D)
  8 jellies (D)
  Ijyb (D)
  A ballistomycete spore (D)
57 creatures vanquished.

Vanquished Creatures (collateral kills)
  A golden dragon (D)
  A shadow dragon (D)
  A fire giant (D)
  4 demonic crawlers (D)
  A kobold demonologist (D)
8 creatures vanquished.

Vanquished Creatures (others)
  A ballistomycete spore (D)
1 creature vanquished.

Grand Total: 66 creatures vanquished

Notes
Turn   | Place    | Note
-------+----------+-------------------------------------------
     0 | D        | Groucho the Felid Berserker began the quest for the Orb.
     0 | D        | Reached XP level 1. HP: 10/10 MP: 2/2
     2 | D        | Noticed Ijyb
     6 | D        | Killed Ijyb
     7 | D        | Reached skill level 8 in Stealth
     7 | D        | Reached XP level 2. HP: 14/14 MP: 3/3
    58 | D        | Noticed an ogre
    60 | D        | Killed an ogre
    61 | D        | Reached skill level 13 in Stealth
    61 | D        | Reached XP level 3. HP: 17/17 MP: 4/4
    61 | D        | Reached XP level 4. HP: 21/21 MP: 5/5
    73 | D        | Noticed Sigmund
    79 | D        | Killed Sigmund
    79 | D        | Reached ** piety under Trog
    80 | D        | Reached skill level 17 in Stealth
    80 | D        | Reached XP level 5. HP: 11/24 MP: 6/6
   337 | D        | Found a shimmering blue altar of Sif Muna.
   338 | D        | Found an ornate altar of the Wu Jian Council.
   339 | D        | Found a radiant altar of Vehumet.
   346 | D        | Gained mutation: You are covered in thick fur. (AC +2)
                  | [Felid growth]
   346 | D        | Reached XP level 6. HP: 28/28 MP: 7/7
   402 | D        | Found Taett's General Store.
   402 | D        | Found an ancient bone altar of Kikubaaqudgha.
   402 | D        | Found a hazy altar of Hepliaklqana.
   402 | D        | Found a stormy altar of Qazlal.
   402 | D        | Found a hide-covered altar of Uskayaw.
   402 | D        | Found a blossoming altar of Fedhas.
   402 | D        | Found a bloodstained altar of Trog.
   402 | D        | Found an iron altar of Okawaru.
   402 | D        | Found a basalt altar of Yredelemnul.
   402 | D        | Found a glowing golden altar of the Shining One.
   402 | D        | Found a snail-covered altar of Cheibriados.
   402 | D        | Found a sacrificial altar of Ru.
   402 | D        | Found a glowing silver altar of Zin.
   402 | D        | Found a shadowy altar of Dithmenos.
   402 | D        | Found a white marble altar of Elyvilon.
   402 | D        | Noticed a yak
   403 | D        | Found an opulent altar of Gozag.
   404 | D        | Killed a yak
   405 | D        | Found a sparkling altar of Nemelex Xobeh.
   419 | D        | Found a viscous altar of Jiyva.
   419 | D        | Found a corrupted altar of Lugonu.
   419 | D        | Noticed a slime creature
   420 | D        | Found a burning altar of Makhleb.
   420 | D        | Found a shimmering altar of Xom.
   422 | D        | Killed a slime creature
   423 | D        | Reached skill level 5 in Fighting
   423 | D        | Reached skill level 18 in Stealth
   423 | D        | Reached skill level 5 in Unarmed Combat
   423 | D        | Reached XP level 7. HP: 33/33 MP: 8/8
   449 | D        | Noticed a centaur warrior
   453 | D        | Noticed a centaur warrior
   454 | D        | Killed a centaur warrior
   454 | D        | Reached *** piety under Trog
   455 | D        | Reached skill level 19 in Stealth
   455 | D        | Reached XP level 8. HP: 40/40 MP: 9/9
   455 | D        | Killed a centaur warrior
   456 | D        | Reached skill level 10 in Dodging
   465 | D        | Noticed a hornet
   468 | D        | Killed a hornet
   479 | D        | Noticed an oklob plant
   493 | D        | HP: 1/61 [oklob plant/splash of acid (18)]
   496 | D        | Killed an oklob plant
   497 | D        | Reached skill level 20 in Stealth
   497 | D        | Reached XP level 9. HP: 3/45 MP: 10/10
   758 | D        | Reached **** piety under Trog
   788 | D        | Noticed an unseen horror
   788 | D        | Noticed an unseen horror
   803 | D        | Killed an unseen horror
   812 | D        | Killed an unseen horror
   813 | D        | Reached skill level 10 in Fighting
   813 | D        | Reached skill level 21 in Stealth
   813 | D        | Reached skill level 10 in Unarmed Combat
   945 | D        | Reached ***** piety under Trog
   970 | D        | Reached ****** piety under Trog
  1011 | D        | Identified the +3 whip of Annihilation {flame, Contam Int+9
                  | SInv Stlth+}
  1026 | D        | Found Isiptiarr's Distillery.
  1026 | D        | Found Ithroxke's Assorted Antiques.
  1026 | D        | Found Plog's Jewellery Boutique.
  1028 | D        | Found Waesmiaz's Book Emporium.
  1028 | D        | Found Mosixon's Antique Weapon Shop.
  1028 | D        | Found Ynnaog's Jewellery Shoppe.
  1028 | D        | Found Quziff's Armour Boutique.
  1028 | D        | Found Fonaepum's General Store.
  1028 | D        | Found Bacon's Antique Armour Shop.
  1028 | D        | Found Apreas's Antique Weapon Shoppe.
  1034 | D        | Found Cuvvigashi's Distillery.
  1035 | D        | Found Jesy's Book Emporium.
  1035 | D        | Found Ciynicyh's Assorted Antiques.
  1036 | D        | Found Qyddib's Armour Emporium.
  1046 | D        | Bought a sparkling bronze ring for 125 gold pieces
  1046 | D        | Identified the ring "Huivie" {rN++ AC+4 Str-5} (You bought
                  | it in a shop in the Dungeon)
  1053 | D        | Bought an amulet of guardian spirit for 390 gold pieces
  1056 | D        | Bought a ring of fire for 300 gold pieces
  1066 | D        | Bought 3 scrolls of blinking for 225 gold pieces
  1109 | D        | Noticed a deep troll
  1118 | D        | Killed a deep troll
  1119 | D        | Reached XP level 10. HP: 39/51 MP: 5/12
  1204 | D        | Found Lor Xyt's Armour Emporium.
  1219 | D        | Noticed Sonja
  1233 | D        | Killed Sonja
  1284 | D        | Found Ahocivut's Armour Boutique.
  1570 | D        | Reached skill level 22 in Stealth
  1572 | D        | Noticed a demonic crawler
  1572 | D        | Noticed a demonic crawler
  1572 | D        | Noticed a demonic crawler
  1572 | D        | Noticed a demonic crawler
  1575 | D        | Killed a demonic crawler
  1577 | D        | Killed a demonic crawler
  1583 | D        | Killed a demonic crawler
  1584 | D        | Reached skill level 15 in Dodging
  1586 | D        | Killed a demonic crawler
  1587 | D        | Reached skill level 5 in Invocations
  1805 | D        | Noticed a lindwurm
  1809 | D        | Killed a lindwurm
  1844 | D        | Reached XP level 11. HP: 44/57 MP: 9/16
  1884 | D        | Reached skill level 23 in Stealth
  2118 | D        | Noticed a 12-headed hydra
  2120 | D        | Killed a 12-headed hydra
  2186 | D        | Noticed a shadow dragon
  2186 | D        | Noticed a golden dragon
  2197 | D        | Killed a golden dragon
  2199 | D        | Killed a shadow dragon
  2203 | D        | Identified the +5 shortbow "Toisafac" {speed, rC+ Str+3}
  2265 | D        | Found Epeid's Magic Scroll Shoppe.
  2321 | D        | Noticed a daeva
  2346 | D        | Reached skill level 24 in Stealth
  2648 | D        | Noticed a fire giant
  2651 | D        | Noticed a fire giant
  2652 | D        | Noticed a fire giant
  2653 | D        | Noticed a fire giant
  2655 | D        | Killed from afar by a fire giant
  2656 | D        | Reached XP level 10. HP: 0/55 MP: 0/17
  2661 | D        | Noticed a lorocyproca
  2663 | D        | Killed a lorocyproca
  2668 | D        | HP: 2/55 [meliai/divine providence (9)]
  2668 | D        | Killed from afar by a meliai
  2669 | D        | Reached XP level 9. HP: -7/51 MP: 0/16
  2725 | D        | Killed a fire giant
  2726 | D        | Reached XP level 10. HP: 53/56 MP: 6/18
  2919 | D        | Killed a fire giant
  3028 | D        | Slain by a fire giant

Illustrated notes

Levels and vault maps discovered:
D:        dungeon_sprint_1 [red_sonja_temple_1, red_sonja_temple_small_1]

Skill      XL: |  1  2  3  4  5  6  7  8  9 10 11 |
---------------+----------------------------------+-----
Stealth        | 8 13 17 18 19 20 21 22 24 | 24.5
Fighting       | 5 7 9 14 12 13 | 14.1
Dodging        | 7 9 11 13 18 17 | 18.0
Unarmed Combat | 5 7 9 14 12 13 | 14.2
Invocations    | 2 9 8 |  9.8

Action                     |  1- 3 |  4- 6 |  7- 9 | 10-12 || total
---------------------------+-------+-------+-------+-------++-------
  Melee: Unarmed           |     3 |     9 |    72 |   100 ||   184
         Punch             |     1 |       |     1 |    12 ||    14
         Bite              |       |       |     8 |    17 ||    25
 Invoke: Berserk           |     1 |     2 |     3 |     1 ||     7
         Trog's Hand       |       |       |     3 |     4 ||     7
         Brothers in Arms  |       |       |     1 |    10 ||    11
    Use: Scroll            |       |       |     1 |       ||     1
         Potion            |       |       |     1 |       ||     1
   Stab: Sleeping          |     2 |     2 |    13 |     8 ||    25
         Distracted        |       |       |       |     1 ||     1
 Armour: Skin              |       |       |       |     3 ||     3
  Dodge: Dodged            |     1 |     5 |    65 |   118 ||   189
